Map: [G8] Royal Blood

Players

ShoWTimE

  • Race: Protoss Protoss
  • Spawn Location: 7:00

herO - Winner!

  • Race: Protoss Protoss
  • Spawn Location: 1:00

Event: Gamers8 2023

VOD

Have the link to the VOD?

Description

Time

  • Played on: Aug. 4, 2023, 11:05 a.m.
  • Length: 9:37

All games in this series

Show
View Real Time Build Order
Export as new Build Order

ShoWTimE Protoss 

Build Orders: Blink Stalkers 

Get SALT Encoding   

  12  0:00  Probe  
  13  0:12  Probe  
  14  0:16  Pylon  
  14  0:24  Probe (Chrono Boost)  
  15  0:35  Gateway  
  15  0:36  Probe (Chrono Boost)  
  16  0:44  Probe (Chrono Boost)  
  16  0:45  Assimilator  
  17  0:50  Probe  
  18  1:03  Probe (Chrono Boost)  
  19  1:04  Assimilator  
  19  1:07  Gateway  
  19  1:14  Probe (Chrono Boost)  
  20  1:18  Probe (Chrono Boost)  
  20  1:24  Cybernetics Core  
  21  1:29  Probe  
  22  1:36  Pylon  
  22  1:41  Probe  
  23  1:54  Probe  
  24  2:00  Stalker x2  
  28  2:03  Warp Gate (Chrono Boost)  
  28  2:12  Pylon  
  28  2:30  Stalker x2  
  31  2:53  Nexus  
  31  2:59  Shield Battery  
  31  3:03  Probe  
  32  3:12  Twilight Council  
  32  3:15  Probe  
  31  3:27  Probe  
  32  3:37  Pylon  
  32  3:40  Probe  
  33  3:44  Stalker x2  
  33  3:48  Blink (Chrono Boost)  
  37  3:52  Probe  
  38  4:01  Shield Battery  
  38  4:07  Sentry  
  38  4:09  Stalker  
  42  4:21  Dark Shrine  
  42  4:26  Shield Battery  
  42  4:30  Pylon  
  42  4:35  Gateway  
  42  4:38  Pylon  
  42  4:45  Gateway  
  42  4:48  Sentry  
  41  5:08  Gateway  
  41  5:26  Phoenix  
  41  5:30  Stalker  
  43  5:38  Nexus  
  43  5:39  Probe  
  44  5:43  Stalker  
  46  5:51  Probe  
  47  6:04  Probe  
  48  6:08  Nexus  
  48  6:09  Phoenix  
  48  6:16  Probe  
  49  6:28  Probe  
  49  6:29  Stalker x2  
  50  6:32  Stalker  
  52  6:40  Probe  
  52  6:42  Pylon  
  53  6:50  Probe  
  54  7:00  Probe  
  54  7:01  Robotics Facility  
  55  7:03  Probe  
  55  7:05  Stalker  
  58  7:11  Stalker  
  60  7:16  Probe x2  
  62  7:23  Probe  
  62  7:29  Stalker  
  66  7:32  Stalker  
  68  7:37  Probe  
  68  7:44  Gateway  
  68  7:49  Probe  
  63  8:01  Probe  
  63  8:04  Stalker x3  
  68  8:10  Observer (Chrono Boost)  
  68  8:12  Dark Shrine  
  69  8:13  Gateway  
  69  8:15  Pylon  
  68  8:39  Gateway  
  54  8:42  Cybernetics Core  
  54  8:45  Stalker  
  52  8:49  Pylon  
  52  8:59  Pylon  
  52  9:00  Pylon  
  32  9:26  Dark Templar x2  
Show
View Real Time Build Order
Export as new Build Order

herO Protoss - Winner!

Build Orders:  

Get SALT Encoding   

  12  0:00  Probe  
  13  0:12  Probe  
  14  0:17  Pylon  
  14  0:24  Probe (Chrono Boost)  
  16  0:36  Gateway, Probe (Chrono Boost)  
  16  0:43  Probe (Chrono Boost)  
  16  0:45  Assimilator  
  17  0:51  Probe  
  17  0:56  Assimilator  
  18  1:03  Probe (Chrono Boost)  
  19  1:07  Gateway  
  19  1:12  Probe (Chrono Boost)  
  19  1:17  Probe (Chrono Boost)  
  20  1:24  Cybernetics Core  
  21  1:29  Probe  
  22  1:35  Pylon  
  22  1:41  Probe  
  23  1:53  Probe  
  24  1:58  Warp Gate (Chrono Boost)  
  24  2:00  Adept, Stalker  
  28  2:11  Pylon  
  28  2:30  Stalker x2  
  28  2:34  Robotics Facility  
  31  2:46  Gateway  
  31  3:00  Stalker x2  
  35  3:20  Warp Prism (Chrono Boost)  
  35  3:24  Pylon  
  35  3:45  Stalker x3  
  41  3:56  Pylon  
  41  3:57  Observer  
  42  4:13  Stalker x2  
  42  4:16  Stalker  
  48  4:38  Twilight Council  
  48  4:41  Adept x2  
  52  4:55  Probe  
  51  5:02  Observer  
  49  5:16  Nexus  
  49  5:21  Immortal (Chrono Boost)  
  49  5:23  Observer  
  53  5:32  Pylon  
  53  5:38  Shield Battery  
  53  5:40  Probe  
  54  5:50  Sentry  
  54  5:53  Blink (Chrono Boost), Probe  
  57  6:03  Pylon  
  57  6:06  Probe  
  58  6:18  Observer  
  58  6:19  Pylon  
  58  6:21  Observer  
  56  6:28  Probe (Chrono Boost)  
  56  6:29  Probe (Chrono Boost)  
  58  6:34  Sentry x2  
  58  6:39  Probe x2 (Chrono Boost)  
  64  6:40  Observer  
  64  6:44  Probe x2  
  66  6:55  Immortal  
  66  6:59  Probe x2  
  72  7:06  Stalker  
  74  7:12  Probe  
  74  7:13  Probe, Observer  
  76  7:19  Pylon  
  76  7:22  Stalker  
  78  7:24  Stalker  
  80  7:30  Probe x2  
  80  7:35  Stalker  
  84  7:42  Assimilator, Probe x2  
  86  7:56  Probe x2  
  86  7:58  Pylon  
  88  8:01  Stalker  
  88  8:02  Stalker x2  
  94  8:07  Pylon  
  94  8:10  Gateway  
  94  8:16  Probe  
  94  8:32  Stalker x3  
  73  9:08  Stalker  
Tags
 
Add a new tag
Caveats
  • Supply blocks, unpowered buildings, or Contaminate may cause inaccurate times.
  • Supply counts are checked every 10 seconds.